 Dungeon Sprint DCSS version 0.31-a0-875-g02e7d12df6 (webtiles) character file.

Game seed: 2297014551708329728

9 rocky1 the Covered (level 2, -14/28 HPs)
             Began as a Minotaur Fighter on Oct 12, 2023.
             Killed from afar by an oklob sapling (32 damage)
             ... with a splash of acid
             ... in the Dungeon (Sprint IV: "Fedhas' Mad Dash").
             The game lasted 00:00:17 (80 turns).

rocky1 the Covered (Minotaur Fighter)                 Turns: 80, Time: 00:00:19

Health: -14/28     AC:  3    Str: 20    XL:     2   Next: 6%
Magic:  1/1        EV:  9    Int:  5    God:
Gold:   0          SH:  4    Dex:  9    Spells: 1/1 levels left

rFire   . . .        a - +0 flail
rCold   . . .        c - +0 buckler
rNeg    . . .        b - +0 scale mail
rPois   .            (helmet restricted)
rElec   .            (no cloak)
rCorr   .            (no gloves)
SInv    .            (no boots)
Will    .....        (no amulet) Stlth
                     (no ring)
HPRegen 0.24/turn    (no ring)
MPRegen 0.07/turn

%: no teleportation
@: corroded
A: horns 2, retaliatory headbutt
a: no special abilities


You were in the Dungeon.
You visited 1 branch

Inventory:

Hand Weapons
 a - a +0 flail (weapon)
Armour
 b - a +0 scale mail (worn)
 c - a +0 buckler (worn)
Scrolls
 j - a scroll of blinking
 k - a scroll of revelation {unknown}
Potions
 d - a potion of might
 e - a potion of curing
 f - a potion of heal wounds
 g - a potion of haste
 h - 2 potions of magic
 i - a potion of berserk rage


   Skills:
 + Level 4.5 Fighting
 + Level 2.9 Maces & Flails
 + Level 4.5 Armour
 + Level 4.5 Shields


You had one spell level left.
You didn't know any spells.
Your spell library was empty.

Dungeon Overview and Level Annotations

Branches:
Dungeon (1/1)

Altars:

Annotations:
D exclusion: oklob sapling


Innate Abilities, Weirdness & Mutations

You have a pair of horns on your head.
You reflexively headbutt those who attack you in melee.


Message History

The river rat is almost dead.
The river rat bites you but does no damage.
The rat barely misses you.
You barely miss the river rat. Your headbutt misses the river rat.
The river rat is almost dead.
You block the rat's attack. The river rat barely misses you.
You hit the river rat but do no damage.
The river rat is almost dead.
You block the rat's attack. You block the river rat's attack. x2
The rat bites you but does no damage.
You sock the river rat!
You kill the river rat!
The rat closely misses you. You furiously retaliate!
You headbutt the rat.
Your Fighting skill increases to level 4!
Your Armour skill increases to level 4!
Your Shields skill increases to level 4!
You have reached level 2!
Unknown command.
The rat barely misses you.
You see here a scroll labelled RAOTIO IJOYMP.
You thump the rat!
You kill the rat!
k - a scroll labelled RAOTIO IJOYMP You start resting.
HP restored.
You open the door.
An oklob sapling comes into view.
The oklob sapling spits acid at you. The splash of acid hits you!
The acid corrodes you!
Marking area around an oklob sapling as unsafe for travelling.
Found 60 gold pieces.
There is an open door here.
Unknown command.
You hit the oklob sapling but do no damage.
You headbutt the oklob sapling.
The oklob sapling is severely damaged.
The oklob sapling spits acid at you. The splash of acid hits you!!
Ouch! That really hurt!
You die...

##################
#<..P#.....#.$$$$#
#PP..'.....@.#
#PPPP#.....#P#
##############


You could see an oklob sapling.

Vanquished Creatures
  A river rat (D)
  A rat (D)
2 creatures vanquished.

Notes
Turn   | Place    | Note
-------+----------+-------------------------------------------
     0 | D        | rocky1 the Minotaur Fighter began the quest for the Orb.
     0 | D        | Reached XP level 1. HP: 19/19 MP: 0/0
    15 | D        | Reached XP level 2. HP: 13/28 MP: 1/1
    78 | D        | Noticed an oklob sapling
    80 | D        | Killed from afar by an oklob sapling

Illustrated notes

Levels and vault maps discovered:
D:        dungeon_sprint_fedhas [sprint_temple]

Skill      XL: |  1 |
---------------+----+-----
Fighting       | 4 |  4.5
Armour         | 4 |  4.5
Shields        | 4 |  4.5
Maces & Flails | |  2.9

Action                     || total
---------------------------++-------
  Melee: Flail             ||    10
         Headbutt          ||     2
 Armour: Scale mail        ||    11
  Dodge: Dodged            ||     8
  Block: Buckler           ||     4

Table legend: (Time is in decaauts)
 A = Elapsed time spent in this place.
 B = Non-inter-level travel time spent in this place.
 C = Inter-level travel time spent in this place.
 D = Time resting spent in this place.
 E = Time spent auto-exploring this place.
 F = Levels seen in this place.
 G = Mean time per level.
                   A        B        C        D        E       F      G
               +--------+--------+--------+--------+--------+-----+--------+
         Total |     83 |     83 |      0 |     53 |      0 |   1 |   83.0 |
       Dungeon |     83 |     83 |      0 |     53 |      0 |   1 |   83.0 |
               +--------+--------+--------+--------+--------+-----+--------+

Top non-repeatable levels by time:
       D: 83 daAuts
